 Dungeon Crawl Stone Soup version 0.29.1-1-gd02db6906a (webtiles) character file.

Game seed: 2586671623839313708

312 Sabo the Chopper (level 6, -9/56 HPs)
             Began as a Minotaur Fighter on Oct 19, 2022.
             Was an Initiate of Makhleb.
             Mangled by Sigmund
             ... wielding a +0 scythe
              (12 damage)
             ... on level 3 of the Dungeon.
             The game lasted 00:11:13 (2192 turns).

Sabo the Chopper (Minotaur Fighter)                 Turns: 2192, Time: 00:11:13

Health: -9/56      AC:  0    Str: 22    XL:     6   Next: 18%
Magic:  5/5        EV: 14    Int:  5    God:    Makhleb [......]
Gold:   91         SH:  0    Dex: 10    Spells: 5/5 levels left

rFire   . . .      SeeInvis .     - Unarmed
rCold   . . .      Faith    .   (shield currently unavailable)
rNeg    . . .      Spirit   .   (body armour currently unavailable)
rPois   .          Reflect  .   (helmet currently unavailable)
rElec   .          Harm     .   (cloak currently unavailable)
rCorr   .          Rampage  .   (gloves currently unavailable)
Will    .....                   (boots currently unavailable)
Stlth   +.........              (no amulet)
HPRegen 0.18/turn               (ring currently unavailable)
MPRegen 0.09/turn               (ring currently unavailable)

@: pig-form (expiring), very quick
A: fast, no casting, small, (horns 2), (retaliatory headbutt)
a: Renounce Religion


You were on level 3 of the Dungeon.
You worshipped Makhleb.
Makhleb was noncommittal.
You were a filthy swine.
You visited 1 branch of the dungeon, and saw 3 of its levels.

You collected 119 gold pieces.
You spent 28 gold pieces at shops.

Inventory:

Hand Weapons
 a - a +0 war axe
 u - a +0 long sword of holy wrath (melded)
Missiles
 f - 9 poisoned darts (quivered)
Armour
 c - a +0 buckler (melded)
 k - a +0 plate armour (melded)
 l - a +1 pair of boots (melded)
 m - a +0 pair of gloves (melded)
Jewellery
 j - a +6 ring of dexterity (melded)
 s - a ring of ice
Wands
 v - a wand of polymorph (7)
Scrolls
 e - 4 scrolls of teleportation
 p - a scroll of poison
 r - a scroll of silence {unknown}
Potions
 b - a potion of heal wounds {unknown}
 d - a potion of might
 g - 2 potions of mutation
 h - a potion of flight {unknown}
 n - a potion of magic {unknown}
 o - a potion of degeneration {unknown}
 q - a potion of ambrosia {unknown}


   Skills:
 + Level 5.0 Fighting
 + Level 5.3 Axes
 + Level 4.6 Armour
 + Level 1.5 Dodging
 + Level 4.3 Shields
 + Level 1.1 Unarmed Combat


You had 5 spell levels left.
You didn't know any spells.
Your spell library contained the following spells:

 Spells                   Type           Power      Damage    Failure   Level
 Sublimation of Blood     Necr           0%         N/A       63%         2
 Wereblood                Tmut           0%         N/A       63%         2
 Summon Hydra             Summ           0%         N/A       100%        7


Dungeon Overview and Level Annotations

Branches:
Dungeon (3/15)

Altars:
Makhleb
Vehumet

Shops:
D:2 ?

Annotations:
D:3 Sigmund


Innate Abilities, Weirdness & Mutations

You are a filthy swine.
You move quickly.
Your equipment is almost entirely melded.
You are incapable of wielding weapons or throwing items.
You cannot cast spells.
((You have a pair of horns on your head.))
((You reflexively headbutt those who attack you in melee.))


Message History

Sigmund points at you and mumbles some strange words.
You are confused.
You barely miss Sigmund.
Sigmund is heavily wounded.
Sigmund says, "You will soon forget everything."
Sigmund barely misses you. Sigmund closely misses you.
You barely miss Sigmund.
Sigmund is heavily wounded.
Sigmund hits you with a +0 scythe.
You feel less confused. Sigmund barely misses you.
You hit Sigmund but do no damage.
Sigmund is heavily wounded.
Sigmund casts a spell at you. The magic dart hits you.
You hit Sigmund.
Sigmund is severely wounded.
Sigmund flickers, as though insubstantial.
Sigmund gestures wildly while chanting.
Sigmund flickers and vanishes!
Deactivating autopickup; reactivate with Ctrl-A.
You closely miss something. Something hits you!
You miss something. You miss something. Something hits you!
You miss something. You miss something. Something hits you!
You miss something.
Your transformation is almost over.
You miss something. Something hits you!
* * * LOW HITPOINT WARNING * * *
You hit something.
You hear some strange, mumbled words.
A puff of flame appears from out of thin air!
The puff of flame hits you.
* * * LOW HITPOINT WARNING * * *
You miss something. Something completely misses you.
You miss something. You hit something but do no damage. Something hits you!
You die...

#....###.#.# #.#####....##
.......#.#.# #............
.........#.# #######.#.###
....#....#.# #.# #
#.....##.#.### #########.#.#
.............. ##.....).....#
....####.#.##.####..........###
.†.## .............#########
...####......<..h...#
............#<..{..##
....####.# #####.## ....# #.#
...## #.# ..## #.. ### ###


There were no monsters in sight!

Vanquished Creatures
  A crimson imp (D:3)
  Natasha (thrice) (D:3)
  2 orc wizards (D:2)
  4 gnolls (D:2)
  3 adders
  2 worms (D:2)
  A dart slug (D:2)
  3 orcs (D:2)
  9 ball pythons
  4 bats
  3 endoplasms
  2 giant cockroaches
  5 goblins
  8 hobgoblins
  6 jackals
  6 kobolds
  3 quokkas
  3 frilled lizards
  7 rats
75 creatures vanquished.

Notes
Turn   | Place    | Note
-------+----------+-------------------------------------------
     0 | D:1      | Sabo the Minotaur Fighter began the quest for the Orb.
     0 | D:1      | Reached XP level 1. HP: 19/19 MP: 0/0
   316 | D:1      | Reached XP level 2. HP: 27/27 MP: 1/1
   817 | D:2      | Reached XP level 3. HP: 33/33 MP: 2/2
   824 | D:2      | Reached skill level 1 in Dodging
   824 | D:2      | Reached XP level 4. HP: 38/40 MP: 3/3
   847 | D:2      | Reached XP level 5. HP: 42/47 MP: 4/4
  1231 | D:2      | Found Ditobas's Magic Scroll Shop.
  1237 | D:2      | Bought a scroll of identify for 28 gold pieces
  1432 | D:3      | Noticed Natasha
  1438 | D:3      | Killed Natasha
  1654 | D:3      | Reached skill level 5 in Axes
  1725 | D:3      | Noticed Natasha
  1751 | D:3      | Killed Natasha
  1752 | D:3      | Reached skill level 1 in Unarmed Combat
  1757 | D:3      | Found a burning altar of Makhleb.
  1758 | D:3      | Found a radiant altar of Vehumet.
  1780 | D:3      | Reached skill level 5 in Fighting
  1780 | D:3      | Reached XP level 6. HP: 8/56 MP: 5/5
  2072 | D:3      | Became a worshipper of Makhleb the Destroyer
  2096 | D:3      | Noticed Natasha
  2106 | D:3      | Killed Natasha
  2162 | D:3      | Noticed Sigmund
  2189 | D:3      | HP: 2/56 [something/puff of flame (6)]
  2192 | D:3      | Mangled by Sigmund

Illustrated notes

Levels and vault maps discovered:
D:1:      dpeg_arrival_pits, layout_basic
D:2:      layout_rooms, serial_shops, nicolae_square_shop, chequers_mini_garden,
          dk_noncrumbling_4, item_on_display_a
D:3:      layout_loops_ring, grunt_temple_overflow_lords_of_destruction,
          grunt_ministairs_5, uniq_sigmund, uniq_natasha

Skill      XL: |  1  2  3  4  5 |
---------------+----------------+-----
Armour         | 4 |  4.6
Fighting       | 4 5 |  5.0
Shields        | 4 |  4.3
Axes           | 3 5 |  5.3
Dodging        | 1 |  1.5
Unarmed Combat | 1 |  1.1

Action                   |  1- 3 |  4- 6 || total
-------------------------+-------+-------++-------
Melee: War axe           |    63 |    87 ||   150
       Headbutt          |     8 |    12 ||    20
       Unarmed           |       |    40 ||    40
       Long sword        |       |    11 ||    11
  Use: Scroll            |       |     4 ||     4
Armor: Scale mail        |    34 |       ||    34
       Plate armour      |    13 |    75 ||    88
Dodge: Dodged            |    38 |    58 ||    96
Block: Buckler           |    23 |    33 ||    56
